 Dungeon Crawl Stone Soup version 0.29-a0-297-g7659ce593d (webtiles) character file.

Game seed: 9137544622902455245

45 kae the Firebug (level 3, -2/20 HPs)
             Began as a Tengu Fire Elementalist on Mar 20, 2022.
             Killed from afar by Natasha (9 damage)
             ... with a magic dart
             ... on level 2 of the Dungeon.
             The game lasted 00:01:00 (1519 turns).

kae the Firebug (Tengu Fire Elementalist)           Turns: 1519, Time: 00:01:01

Health: -2/20      AC:  2    Str:  8    XL:     3   Next: 64%
Magic:  4/7        EV: 12    Int: 17    God:
Gold:   33         SH:  0    Dex: 14    Spells: 5/6 levels left

rFire   . . .      SeeInvis .   d - +0 short sword (freeze)
rCold   . . .      Faith    .   (no shield)
rNeg    . . .      Spirit   .   a - +0 robe
rPois   .          Reflect  .   (helmet restricted)
rElec   .          Harm     .   (no cloak)
rCorr   .          Rampage  .   (no gloves)
Will    .....                   (boots unavailable)
Stlth   ++........              (no amulet)
HPRegen 0.06/turn               (no ring)
MPRegen 0.10/turn               (no ring)

@: slowed, very slow
A: beak, talons 3
a: no special abilities


You were on level 2 of the Dungeon.
You visited 1 branch of the dungeon, and saw 2 of its levels.

You collected 33 gold pieces.

Inventory:

Hand Weapons
 d - a +0 short sword of freezing (weapon)
Armour
 a - a +0 robe (worn)
Jewellery
 e - a ring of see invisible
Scrolls
 c - a scroll of identify
 g - a scroll of fear
Potions
 b - 3 potions of magic
 f - a potion of curing {unknown}
 h - a potion of haste
 i - a potion of resistance {unknown}


   Skills:
 + Level 1.1 Fighting
 - Level 2.1 Dodging
 - Level 2.0 Stealth
 + Level 2.3 Spellcasting
 + Level 2.3 Conjurations
 * Level 4.0 Fire Magic


You had 5 spell levels left.
You knew the following spells:

 Your Spells              Type           Power      Damage    Failure   Level
a - Foxfire               Conj/Fire      48%        2x1d6     4%          1

Your spell library contained the following spells:

 Spells                   Type           Power      Damage    Failure   Level
 Scorch                   Fire           30%        2d6       5%          2
 Conjure Flame            Conj/Fire      12%        6-21      16%         3
 Inner Flame              Hex/Fire       8%         N/A       24%         3
 Flame Wave               Conj/Fire      12%        2d6       45%         4


Dungeon Overview and Level Annotations

Branches:
Dungeon (2/15)

Altars:

Annotations:
D:2 Jessica, Natasha


Innate Abilities, Weirdness & Mutations

You have a beak for a mouth.
You have claws for feet.


Message History

Unknown command.
Your foxfire dissipates!
Natasha casts a spell at you. You resist with significant effort.
There is an open door here.
Casting: Foxfire (safe; 4% risk of failure)
Confirm with . or Enter, or press ? or * to list all spells.
You conjure some foxfire!
Natasha barely misses you.
The foxfire hits Natasha.
Natasha is lightly wounded.
The foxfire hits Natasha.
Natasha is moderately wounded.
Natasha claws you.
Casting: Foxfire (safe; 4% risk of failure)
Confirm with . or Enter, or press ? or * to list all spells.
You conjure some foxfire!
Natasha mumbles some strange words.
Natasha's front paws start to glow.
Natasha casts a spell at you.
You feel yourself slow down.
The foxfire hits Natasha.
Natasha is moderately wounded.
The foxfire hits Natasha.
Natasha is heavily wounded.
Natasha barely misses you.
Casting: Foxfire (safe; 4% risk of failure)
Confirm with . or Enter, or press ? or * to list all spells.
You conjure some foxfire!
Natasha mewls in sadness.
Natasha casts a spell at you. The magic dart hits you.
* * * LOW HITPOINT WARNING * * *
The crimson imp blinks!
Natasha claws you but does no damage.
The foxfire hits Natasha.
Natasha is heavily wounded.
The foxfire hits Natasha.
Natasha is heavily wounded.
Natasha casts a spell at you. The magic dart hits you!
You die...

#.#### #....## #..†..#
#.....# #.....# #######
###...# #...... #...#
#......####.§.# #####
+......'.5h@..+ @..#
#......####...#####.######
+......+.................#
#......############.####.#
###.### #.#..# ... #.#..#
#.# #.#..# #. #.#..#
#.#..#


You could see Natasha and a shadow imp (summoned).

Vanquished Creatures
  An adder (D:2)
  2 dart slugs
  4 endoplasms (D:1)
  2 goblins
  A hobgoblin (D:1)
  4 jackals (D:1)
  4 ball pythons (D:1)
  5 bats
  2 frilled lizards (D:1)
  3 kobolds (D:1)
  2 rats
30 creatures vanquished.

Vanquished Creatures (others)
  73 foxfires
73 creatures vanquished.

Grand Total: 103 creatures vanquished

Notes
Turn   | Place    | Note
-------+----------+-------------------------------------------
     0 | D:1      | kae the Tengu Fire Elementalist began the quest for the
                  | Orb.
     0 | D:1      | Reached XP level 1. HP: 10/10 MP: 4/4
   160 | D:1      | Reached XP level 2. HP: 16/16 MP: 6/6
   647 | D:1      | Found a faded altar of an unknown god.
   647 | D:1      | Noticed a sixfirhy
   971 | D:1      | Reached XP level 3. HP: 20/20 MP: 4/7
  1117 | D:1      | Reached skill level 1 in Fighting
  1382 | D:2      | Reached skill level 4 in Fire Magic
  1455 | D:2      | Noticed Jessica
  1504 | D:2      | Noticed Natasha
  1519 | D:2      | Killed from afar by Natasha

Illustrated notes

Levels and vault maps discovered:
D:1:      dpeg_arrival_arbitrary_b, layout_basic,
          dreamdust_ecumenical_altar_sealed_demon
D:2:      minmay_angry_zag, layout_basic, serial_shops, shop_statue,
          nicolae_lakefront_shop, basic_altar, minmay_misc_feat_more_columns,
          kennysheep_flooded_box, kennysheep_generic_room_8, uniq_natasha,
          uniq_jessica

Skill      XL: |  1  2  3 |
---------------+----------+-----
Conjurations   | 2 |  2.3
Fighting       | 1 |  1.1
Fire Magic     | 4 |  4.0
Dodging        | |  2.1
Stealth        | |  2.0
Spellcasting   | |  2.3

Action                   || total
-------------------------++-------
Melee: Unarmed           ||    28
       Kick              ||     8
       Peck              ||     3
       Short sword       ||     3
 Cast: Foxfire           ||    51
  Use: Scroll            ||     4
 Stab: Sleeping          ||     1
Armor: Robe              ||     6
Dodge: Dodged            ||    37

Table legend: (Time is in decaauts)
 A = Elapsed time spent in this place.
 B = Non-inter-level travel time spent in this place.
 C = Inter-level travel time spent in this place.
 D = Time resting spent in this place.
 E = Time spent auto-exploring this place.
 F = Levels seen in this place.
 G = Mean time per level.
                   A        B        C        D        E       F      G
               +--------+--------+--------+--------+--------+-----+--------+
         Total |   1519 |   1508 |     11 |     31 |   1271 |   2 |  759.5 |
       Dungeon |   1519 |   1508 |     11 |     31 |   1271 |   2 |  759.5 |
               +--------+--------+--------+--------+--------+-----+--------+

Top non-repeatable levels by time:
     D:1: 1371 daAuts
     D:2: 148 daAuts
